 Dungeon Crawl Stone Soup version 0.23-a0-319-gb40ba49 (webtiles) character file.

285 Amnesiac the Digger (level 6, 22/49 HPs)
             Began as a Deep Dwarf Earth Elementalist on Oct 14, 2018.
             Quit the game on level 4 of the Dungeon.
             The game lasted 00:02:01 (534 turns).

Amnesiac the Digger (Deep Dwarf Earth Elementalist)  Turns: 534, Time: 00:02:01

Health: 22/49      AC:  2    Str: 12    XL:     6   Next: 7%
Magic:  7/9        EV: 12    Int: 17    God:
Gold:   71         SH:  0    Dex: 13    Spells: 8/11 levels left

rFire    . . .     SeeInvis .   e - +0 spear (venom)
rCold    . . .     Gourm    .   (no shield)
rNeg     . . .     Faith    .   c - +0 robe
rPois    .         Spirit   .   (no helmet)
rElec    .         Reflect  .   (no cloak)
rCorr    .         Harm     .   (no gloves)
MR       .....                  (no boots)
Stlth    ++........             (no amulet)
HPRegen  0.00/turn              (no ring)
MPRegen  0.11/turn              (no ring)

@: non-regenerating
A: damage resistance, heal wounds, sense surroundings 1, no regeneration
a: Heal Wounds


You were on level 4 of the Dungeon.
You were not hungry.

You visited 1 branch of the dungeon, and saw 4 of its levels.

You collected 71 gold pieces.

Inventory:

Hand Weapons
 a - a +0 dagger
 e - a +0 spear of venom (weapon)
Armour
 c - a +0 robe (worn)
Comestibles
 d - a ration


   Skills:
 - Level 1.4 Short Blades
 - Level 2.1 Dodging
 - Level 2.4 Stealth
 + Level 3.1 Spellcasting
 - Level 1.5 Transmutations
 * Level 7.2 Earth Magic


You had 8 spell levels left.
You knew the following spells:

 Your Spells              Type           Power        Failure   Level  Hunger
a - Sandblast             Erth           ####..       1%          1    None
b - Passwall              Tmut/Erth      ###.....     4%          2    ##.....

Your spell library contained the following spells:

 Spells                   Type           Power        Failure   Level  Hunger
 Stone Arrow              Conj/Erth      ##....       12%         3    ###....
 Lee's Rapid Deconstruct  Erth           ####......   24%         5    ######.
 Petrify                  Tmut/Erth      ###.....     28%         4    ####...


Dungeon Overview and Level Annotations

Branches:
Dungeon (4/15)
 Temple: D:4-7

Altars:
Dithmenos

Shops:
D:4 :


Innate Abilities, Weirdness & Mutations

You are resistant to damage.
You can heal yourself by infusing magical energy.
You passively map a small area around you.
You do not regenerate.


Message History

The adder skeleton closely misses you.
Casting: Sandblast (safe; 1% risk of failure)
Confirm with . or Enter, or press ? or * to list all spells.
Aiming: Sandblast (safe; 1% risk of failure)
Press: ? - help, Shift-Dir - straight line, f/p - adder skeleton
Aim: an adder skeleton (heavily damaged)
You don't have any stones to cast with.
You barely miss the adder skeleton.
The adder skeleton is heavily damaged.
The adder skeleton misses you.
You hit the adder skeleton.
The adder skeleton is heavily damaged.
The adder skeleton bites you. The adder skeleton barely misses you.
Casting: Sandblast (safe; 1% risk of failure)
Confirm with . or Enter, or press ? or * to list all spells.
Aiming: Sandblast (safe; 1% risk of failure)
Press: ? - help, Shift-Dir - straight line, f/p - adder skeleton
Aim: an adder skeleton (heavily damaged)
You don't have any stones to cast with.
You hit the adder skeleton.
The adder skeleton is severely damaged.
The adder skeleton bites you.
You closely miss the adder skeleton.
The adder skeleton is severely damaged.
The adder skeleton bites you but does no damage.
Casting: Sandblast (safe; 1% risk of failure)
Confirm with . or Enter, or press ? or * to list all spells.
Aiming: Sandblast (safe; 1% risk of failure)
Press: ? - help, Shift-Dir - straight line, f/p - adder skeleton
Aim: an adder skeleton (severely damaged)
You don't have any stones to cast with.
You hit the adder skeleton.
You destroy the adder skeleton!
You completely miss the orc. The orc misses you.
Casting: Sandblast (safe; 1% risk of failure)
Confirm with . or Enter, or press ? or * to list all spells.
Aiming: Sandblast (safe; 1% risk of failure)
Press: ? - help, Shift-Dir - straight line, f - orc
Aim: an orc, wielding a flail and wearing a scale mail You don't have any stones to cast with.
You barely miss the orc. The orc hits you but does no damage.
You completely miss the orc. The orc hits you with a flail.
You hit the orc.
The orc is poisoned.
The orc is moderately wounded.
The orc closely misses you.
Casting: Sandblast (safe; 1% risk of failure)
Confirm with . or Enter, or press ? or * to list all spells.
Aiming: Sandblast (safe; 1% risk of failure)
Press: ? - help, Shift-Dir - straight line, f/p - orc
Aim: an orc, wielding a flail and wearing a scale mail (heavily wounded, You don't have any stones to cast with.
You hit the orc but do no damage.
The orc looks as sick as possible!
The orc is heavily wounded.
You kill the orc!
Casting: Sandblast (safe; 1% risk of failure)
Confirm with . or Enter, or press ? or * to list all spells.
You can't see any susceptible monsters within range! (Use Z to cast anyway.) No target in view!
Things that are here:
a flail; a scale mail; an iguana corpse You start resting.
All of the chunks of flesh in your inventory have rotted away.
Magic restored.
Are you sure you want to abandon this character and quit the game? (Confirm

,.......####..#.#.....##
......# ##.#.#....... ,
,.....# #...#####.## ,
....# ##..#...#.# , ,,
,,...### #..#...#.# , ,
....####..#...#.## # *
#.............#... . #.
#[#.###..#.#......
..#.#*#@#...........#..#
*,
,.....##.##.#..........##
l.Z#..........###....###
, ...........#.##
##....## ..#####......###
#..#... ...####).......#
#..###. ...Z.........#.#
#......
.∩.............###......
,..#.........#...##.....,


There were no monsters in sight!

Vanquished Creatures
  A phantom (D:4)
  An ogre (D:4)
  2 hounds (D:4)
  An iguana (D:4)
  An ooze (D:3)
  2 adder skeletons (D:4)
  A leopard gecko (D:4)
  3 orcs (D:4)
  A goblin (D:3)
  2 jackals (D:4)
  A bat (D:1)
16 creatures vanquished.

Notes
Turn   | Place    | Note
-------+----------+-------------------------------------------
     0 | D:1      | Amnesiac the Deep Dwarf Earth Elementalist began the quest
                  | for the Orb.
     0 | D:1      | Reached XP level 1. HP: 15/15 MP: 3/3
   169 | D:4      | Reached XP level 2. HP: 22/22 MP: 2/4
   177 | D:4      | Learned a level 2 spell: Passwall
   237 | D:4      | Noticed an ogre
   244 | D:4      | Killed an ogre
   244 | D:4      | Reached skill level 1 in Short Blades
   244 | D:4      | Reached skill level 1 in Transmutations
   244 | D:4      | Reached skill level 5 in Earth Magic
   244 | D:4      | Reached XP level 3. HP: 8/28 MP: 0/6
   244 | D:4      | Reached XP level 4. HP: 11/36 MP: 0/7
   310 | D:4      | Noticed a phantom
   329 | D:4      | Killed a phantom
   329 | D:4      | Reached skill level 6 in Earth Magic
   329 | D:4      | Reached XP level 5. HP: 2/42 MP: 0/9
   359 | D:4      | Found a shadowy altar of Dithmenos.
   467 | D:4      | Found Paboud's Book Shoppe.
   480 | D:4      | Reached skill level 7 in Earth Magic
   481 | D:4      | Reached XP level 6. HP: 5/49 MP: 1/10
   534 | D:4      | Quit the game

Vault maps used:
D:1:      dpeg_arrival_radiant, minmay_pentomino_s2
D:2:      marbit_many_paths, serial_corexii_hall, corexii_hall_statues_i,
          corexii_hall_statues_x, corexii_hall_statues_x,
          chequers_hall_statues_y, corexii_hall_statues_l,
          chequers_hall_statues_wall_a, minmay_crystal_water
D:3:      amethyst_killhole
D:4:      nicolae_overflow_crystal_walls, serial_shops, shop, first_ration,
          grunt_ministairs_5

Skill      XL: |  1  2  3  4  5 |
---------------+----------------+-----
Spellcasting   | 2 3 |  3.1
Short Blades   | 1 |  1.4
Transmutations | 1 |  1.5
Earth Magic    | 5 6 7 |  7.2
Dodging        | |  2.1
Stealth        | |  2.4

Action                   |  1- 3 |  4- 6 || total
-------------------------+-------+-------++-------
Melee: Dagger            |     8 |       ||     8
       Unarmed           |     1 |       ||     1
       Spear             |       |    23 ||    23
 Cast: Sandblast         |    11 |    19 ||    30
 Abil: Heal Wounds       |       |     2 ||     2
 Stab: Sleeping          |     2 |       ||     2
Armor: Robe              |     4 |     5 ||     9
Dodge: Dodged            |    14 |    18 ||    32

Table legend:
 A = Non-vault XP
 B = Vault XP
 C = Vault XP percentage of total XP
 D = Non-vault monster count
 E = Vault monster count
 F = Vault count percentage of total count
                 A         B        C        D         E       F
            +---------+---------+-------+---------+---------+-------
      Total |     407 |       1 |   0.2 |      15 |       1 |   6.2
            +---------+---------+-------+---------+---------+-------
        D:1 |       0 |       1 | 100.0 |       0 |       1 | 100.0
        D:3 |       9 |       0 |   0.0 |       2 |       0 |   0.0
        D:4 |     398 |       0 |   0.0 |      13 |       0 |   0.0
            +---------+---------+-------+---------+---------+-------
